 Dungeon Crawl Stone Soup version 0.28-a0-1447-ga5a8893891 (webtiles) character file.

Game seed: 15314798154975072799

111 croobank the Insei (level 4, -6/37 HPs)
             Began as a Draconian Transmuter on Jan 12, 2022.
             Mangled by Sigmund (8 damage)
             ... on level 2 of the Dungeon.
             The game lasted 00:05:57 (2598 turns).

croobank the Insei (Draconian Transmuter)           Turns: 2598, Time: 00:05:57

Health: -6/37      AC:  5    Str: 13    XL:     4   Next: 62%
Magic:  8/8        EV: 12    Int: 13    God:
Gold:   67         SH:  0    Dex: 13    Spells: 5/8 levels left

rFire   . . .      SeeInvis .   c - +2 dagger (holy)
rCold   . . .      Faith    .   (no shield)
rNeg    . . .      Spirit   .   (armour unavailable)
rPois   .          Reflect  .   (helmet restricted)
rElec   .          Harm     .   (no cloak)
rCorr   +          Rampage  .   (no gloves)
Will    .....                   (no boots)
Stlth   +.........              (no amulet)
HPRegen 0.12/turn               a - ring of resist corrosion
MPRegen 0.11/turn               (no ring)

@: attractive, invisible
A: AC +5, unfitting armour, cold-blooded
a: no special abilities


You were on level 2 of the Dungeon.
You visited 1 branch of the dungeon, and saw 2 of its levels.

You collected 67 gold pieces.

Inventory:

Hand Weapons
 c - a +2 dagger of holy wrath (weapon)
 d - a +0 flail
Missiles
 b - 13 sling bullets
 g - 15 arrows
 i - 90 stones
Jewellery
 a - a ring of resist corrosion (left hand)
Scrolls
 e - a scroll of fear {unknown}
 f - a scroll of holy word {unknown}
 h - a scroll of identify {unknown}


   Skills:
 + Level 2.3 Fighting
 + Level 1.4 Short Blades
 + Level 2.5 Dodging
 - Level 3.1 Unarmed Combat
 + Level 2.6 Spellcasting
 + Level 2.8 Transmutations


You had 5 spell levels left.
You knew the following spells:

 Your Spells              Type           Power      Damage    Failure   Level
a - Beastly Appendage     Tmut           18%        N/A       8%          1
b - Wereblood             Tmut           9%         N/A       12%         2

Your spell library contained the following spells:

 Spells                   Type           Power      Damage    Failure   Level
 Static Discharge         Conj/Air       1%         N/A       34%         2
 Spider Form              Tmut/Pois      5%         N/A       38%         3
 Frozen Ramparts          Ice            2%         1d2       56%         3
 Ice Form                 Ice/Tmut       5%         N/A       80%         4
 Olgreb's Toxic Radiance  Pois           1%         N/A       93%         4
 Summon Ice Beast         Ice/Summ       1%         N/A       93%         4
 Lightning Bolt           Conj/Air       0%         1d11      100%        5
 Ozocubu's Refrigeration  Ice            0%         4d5       100%        7
 Ignition                 Fire           0%         3d3       100%        8
 Maxwell's Capacitive Co  Air            0%         ∞         100%        8


Dungeon Overview and Level Annotations

Branches:
Dungeon (2/15)

Altars:

Annotations:
D:2 Sigmund


Innate Abilities, Weirdness & Mutations

Your plain brown scales are hard. (AC +5)
You cannot fit into any form of body armour.
You are cold-blooded and may be slowed by cold attacks.


Message History

The slug dart hits you.
Your magical contamination has completely faded away.
You hit the dart slug.
You kill the dart slug!
A hobgoblin comes into view.
Casting: Beastly Appendage (safe; 8% risk of failure)
Confirm with . or Enter, or press ? or * to list all spells.
You miscast Beastly Appendage.
You are very lightly contaminated with residual magic.
Nothing appears to happen.
You barely miss the hobgoblin.
The hobgoblin hits you but does no damage.
You closely miss the hobgoblin. The hobgoblin misses you.
You hit the hobgoblin but do no damage. The hobgoblin misses you.
You hit the hobgoblin.
The hobgoblin is moderately wounded.
The hobgoblin barely misses you.
You hit the hobgoblin.
You kill the hobgoblin!
Your magical contamination has completely faded away.
You see here a hobgoblin corpse.
Found a stone staircase leading down.
Found a cloak.
Found a stone staircase leading up.
Sigmund the Dreaded comes into view.
He is wielding a +6 scythe of protection and wearing a +2 robe of willpower.
Sigmund shouts!
Sigmund gestures wildly while chanting.
Sigmund flickers and vanishes!
Deactivating autopickup; reactivate with Ctrl-A.
Something hits you! Something hits you! Something hits you!
* * * LOW HITPOINT WARNING * * *
It was a potion of invisibility.
You fade into invisibility!
Something hits you.
* * * LOW HITPOINT WARNING * * *
It was a potion of attraction.
You feel attractive to monsters. Something hits you!
You die...

.....#...#...#.######.#.#.#.# #.
##########...###...##.#.#.#.# #.
##.###...# #.>.##...#.#.# #.
#....#.⌠.###...####.#.#.# #. #
#.##.#..†.........#...#.# #. #
##.##.###........8.#####.# #.
####.....# #..........# #.####.
..##.#######.......########.##...
#......##.......@..# #.....##...
##.###..#.8........# #.....##...
#.# #..#............##.....##...
##.# ##.####...###.⌠.#...........
...# #....#.<[# ...#......##...
#######....#...# ...##...†.##...
...........##### ...#..........
.....##........## ####.......###
.....##.........# #......#.##


There were no monsters in sight!

Vanquished Creatures
  Jessica (D:2)
  A gnoll (D:1)
  An adder (D:2)
  2 worms (D:2)
  2 dart slugs
  5 endoplasms
  A giant cockroach (D:2)
  6 goblins
  6 hobgoblins
  5 jackals
  7 kobolds
  2 quokkas (D:2)
  3 ball pythons (D:1)
  7 bats
  3 frilled lizards
  2 rats (D:2)
54 creatures vanquished.

Notes
Turn   | Place    | Note
-------+----------+-------------------------------------------
     0 | D:1      | croobank the Draconian Transmuter began the quest for the
                  | Orb.
     0 | D:1      | Reached XP level 1. HP: 16/16 MP: 3/3
    53 | D:1      | Reached XP level 2. HP: 10/23 MP: 3/5
   636 | D:1      | Reached XP level 3. HP: 18/29 MP: 6/6
  1599 | D:2      | Noticed Jessica
  1603 | D:2      | Killed Jessica
  1604 | D:2      | Reached skill level 1 in Short Blades
  1604 | D:2      | Reached XP level 4. HP: 36/36 MP: 5/7
  1607 | D:2      | Learned a level 2 spell: Wereblood
  2588 | D:2      | Noticed Sigmund
  2598 | D:2      | Mangled by Sigmund

Illustrated notes

Levels and vault maps discovered:
D:1:      lemuel_arrival_room, layout_loops_ring
D:2:      layout_rooms, serial_co_window_serial, co_window_corner_a,
          co_window_paths_a, co_window_paths_a, co_window_paths_a,
          co_window_of_opportunity_a, co_window_2corner, co_window_corner_ca,
          co_window_paths_c, co_window_4corner_b, co_window_4corner_a,
          glass_columns_a, glass_columns_a, glass_columns_a,
          nicolae_elevator_lobby_asterisk, uniq_sigmund, uniq_jessica

Skill      XL: |  1  2  3 |
---------------+----------+-----
Dodging        | 2 |  2.5
Fighting       | 2 |  2.3
Short Blades   | 1 |  1.4
Unarmed Combat | |  3.1
Spellcasting   | |  2.6
Transmutations | |  2.8

Action                   |  1- 3 |  4- 6 || total
-------------------------+-------+-------++-------
Melee: Unarmed           |    17 |       ||    17
       Kick              |    12 |    12 ||    24
       Headbutt          |    11 |     7 ||    18
       Tailslap          |     4 |     7 ||    11
       Punch             |     3 |       ||     3
       Dagger            |    79 |    53 ||   132
 Cast: Beastly Appendage |    17 |    15 ||    32
  Use: Potion            |       |     2 ||     2
Armor: Skin              |    37 |    16 ||    53
Dodge: Dodged            |    75 |    31 ||   106

Table legend: (Time is in decaauts)
 A = Elapsed time spent in this place.
 B = Non-inter-level travel time spent in this place.
 C = Inter-level travel time spent in this place.
 D = Time resting spent in this place.
 E = Time spent auto-exploring this place.
 F = Levels seen in this place.
 G = Mean time per level.
                   A        B        C        D        E       F      G
               +--------+--------+--------+--------+--------+-----+--------+
         Total |   2598 |   2569 |     29 |      0 |   2065 |   2 | 1299.0 |
       Dungeon |   2598 |   2569 |     29 |      0 |   2065 |   2 | 1299.0 |
               +--------+--------+--------+--------+--------+-----+--------+

Top non-repeatable levels by time:
     D:1: 1400 daAuts
     D:2: 1197 daAuts
